 Dungeon Crawl Stone Soup version 0.21-a0-352-g5b8f553 (webtiles) character file.

45881 tof the Severer (level 14, -1/130 HPs)
             Began as a Minotaur Monk on Oct 10, 2017.
             Was the Champion of Okawaru.
             Killed from afar by a raiju (6 damage)
             ... with a living lightning
             ... on level 6 of the Lair of Beasts.
             The game lasted 00:48:38 (19818 turns).

tof the Severer (Minotaur Monk)                    Turns: 19818, Time: 00:48:39

Health: -1/130     AC: 21    Str: 18    XL:     14   Next: 2%
Magic:  0/11       EV: 20    Int:  7    God:    Okawaru [******]
Gold:   1097       SH:  0    Dex: 18    Spells: 13/13 levels left

rFire    . . .     SeeInvis +   O - +2 battleaxe (chop)
rCold    . . .     Gourm    +   (shield currently unavailable)
rNeg     . . .     Faith    .   q - +4 ring mail
rPois    +         Spirit   +   (helmet restricted)
rElec    .         Reflect  .   b - scarf {Spirit}
rCorr    .         Harm     .   v - +2 pair of gloves
MR       ++...     Clarity  +   B - +2 pair of boots
Stlth    +.........             i - amulet of the gourmand
HPRegen  0.31/turn              r - ring of see invisible
MPRegen  0.12/turn              s - ring of poison resistance

@: very slightly contaminated
A: retaliatory headbutt, horns 2, talons 1, thin metallic scales 1, clarity, low
mp 1, magic resistance 1, strong 1
a: Heroism, Finesse, Renounce Religion


You were on level 6 of the Lair of Beasts.
You worshipped Okawaru.
Okawaru was exalted by your worship.
You were completely stuffed.

You visited 3 branches of the dungeon, and saw 18 of its levels.
You also visited: Ice Cave.

You collected 1097 gold pieces.

Inventory:

Hand Weapons
 O - a +2 battleaxe of chopping (weapon)
 Y - the +1 quick blade of Gloom {flame, Int+6}
   (You found it in an ice cave)

   It has been specially enchanted to burn those struck by it, causing extra
   injury to most foes and up to half again as much damage against particularly
   susceptible opponents.
   It affects your intelligence (+6).
 Z - the +10 shortbow "Omufaol" {freeze, rF+ Str+4 Dex+7, unknown}
   (You found it in an ice cave)

   It causes projectiles fired from it to freeze those they strike, causing
   extra injury to most foes and up to half again as much damage against
   particularly susceptible opponents.
   They can also slow down cold-blooded creatures.
   It affects your strength (+4).
   It affects your dexterity (+7).
   It protects you from fire.
Armour
 b - a scarf of spirit shield (worn)
 q - a +4 ring mail (worn)
 v - a +2 pair of gloves (worn)
 B - a +2 pair of boots (worn)
 H - a +1 pair of gloves of archery
Jewellery
 e - a +2 ring of dexterity
 i - an amulet of the gourmand (around neck)
 r - a ring of see invisible (left hand)
 s - a ring of poison resistance (right hand)
 D - an uncursed ring of resist corrosion
 I - a +4 ring of strength
Scrolls
 d - 16 scrolls of remove curse
 j - 12 scrolls of teleportation
 k - 3 scrolls of recharging
 l - a scroll of fog
 n - 4 scrolls of magic mapping
 M - a scroll of enchant weapon
 X - a scroll of blinking
Potions
 f - 10 potions of curing
 h - 3 potions of flight
 p - 3 potions of might {unknown}
 t - 4 potions of heal wounds
 x - 3 potions of degeneration {unknown}
 A - a potion of magic
 N - 2 potions of invisibility {unknown}
 V - a potion of ambrosia {unknown}
 W - a potion of brilliance {unknown}
Books
 o - a book of Changes

   Spells                             Type                      Level
   a - Beastly Appendage              Transmutation                1
   b - Sticks to Snakes               Transmutation                2
   c - Spider Form                    Transmutation/Poison         3
   d - Ice Form                       Ice/Transmutation            4
   e - Blade Hands                    Transmutation                5
 E - a book of Minor Magic

   Spells                             Type                      Level
   a - Magic Dart                     Conjuration                  1
   b - Blink                          Translocation                2
   c - Call Imp                       Summoning                    2
   d - Slow                           Hexes                        2
   e - Conjure Flame                  Conjuration/Fire             3
   f - Mephitic Cloud                 Conjuration/Poison/Air       3
 Q - the Volume of the Twisted Volcanoes
   (You found it on level 9 of the Dungeon)

   Spells                             Type                      Level
   a - Throw Flame                    Conjuration/Fire             2
   b - Inner Flame                    Hexes/Fire                   3
   c - Malign Gateway                 Summoning/Translocation      7
   d - Disjunction                    Translocation                8
 T - a book of Flames

   Spells                             Type                      Level
   a - Flame Tongue                   Conjuration/Fire             1
   b - Throw Flame                    Conjuration/Fire             2
   c - Conjure Flame                  Conjuration/Fire             3
   d - Inner Flame                    Hexes/Fire                   3
   e - Sticky Flame                   Conjuration/Fire             4
   f - Fireball                       Conjuration/Fire             5
Miscellaneous
 a - a lamp of fire
Comestibles
 c - 5 bread rations
 g - 7 royal jellies
 m - 6 chunks of flesh
 z - 7 meat rations
 C - 24 fruits


   Skills:
 + Level 13.9 Fighting
 + Level 16.4 Axes
 + Level 13.4 Armour
 + Level 12.9 Dodging
 - Level 1.5 Stealth


You had 13 spell levels left.
You didn't know any spells.

Dungeon Overview and Level Annotations

Branches:
Dungeon (11/15)            Temple (1/1) D:7            Lair (6/6) D:8
 Shoals (0/4) Lair:4       Spider (0/4) Lair:4        Slime (0/5) Lair:5
    Orc (0/2) D:11

Altars:
Ashenzari
Cheibriados
Dithmenos
Elyvilon
Fedhas
Gozag
Hepliaklqana
Kikubaaqudgha
Makhleb
Nemelex Xobeh
Okawaru
Qazlal
Ru
Sif Muna
Trog
Uskayaw
Vehumet
Wu Jian
Xom
Yredelemnul
Zin
The Shining One
Beogh
Jiyva

Shops:
D:6 (=

Annotations:
D:7 4 runed doors


Innate Abilities, Weirdness & Mutations

You reflexively headbutt those who attack you in melee.
You have a pair of horns on your head.
You have sharp toenails.
You are partially covered in thin metallic scales. (AC +2)
You possess an exceptional clarity of mind.
Your magical capacity is low. (-10% MP)
You are resistant to hostile enchantments. (MR+)
Your muscles are strong. (Str +2)


Message History

You headbutt the torpor snail, but do no damage.
Being near the torpor snail leaves you feeling lethargic.
You hear a howl!
You hear a bark!
A raiju comes into view.
The raiju barks!
Found a meat ration.
A polar bear, 2 black bears and a torpor snail come into view.
Blink to where?
Press: ? - help, Dir - move target cursor You are very lightly contaminated with residual magic.
As you read the scroll of blinking, it crumbles to dust.
A warg, a hell hound, 2 polar bears and 5 black bears come into view.
You feel yourself speed up.
The black bear growls angrily.
The warg howls!
The polar bear growls angrily.
The hell hound barks!
The black bear growls angrily.
You hear an angry growl. x2
You hear a howl!
The raiju bursts into living lightning!
The living lightning hits the black bear.
The living lightning hits you!
You die...

P#P# #Ph.
##h... #h....
#....h# #.hhh.
#h...## #.@#
##h...# ###
###h......P#
#...#
#ยง..###./.P#
..... #whh##
.hh.#P .....
#.hhh.###..#P##
...# #.%..##
##### #. ######
##. ##P.


You could see 4 polar bears, a raiju, a warg, a hell hound, 7 black bears and a
wolf.

Vanquished Creatures
  The ghost of nikopol the Severer, a journeyman HOFi of Okawaru (Lair:3)
  The ghost of zero the Severer, a journeyman MiBe of Trog (Lair:2)
  4 hydras
  3 two-headed ogres
  4 death yaks (Lair:6)
  2 unseen horrors
  The ghost of tof the Cleaver, a novice MiFi (D:6)
  An ugly thing (D:11)
  A necromancer (IceCv)
  An oklob plant (Lair:3)
  8 elephants
  A centaur zombie (D:11)
  2 merfolk sirens (Lair:4)
  Psyche (D:8)
  2 black mambas
  11 spiny frogs
  2 ice statues (IceCv)
  2 rime drakes
  A komodo dragon (Lair:5)
  6 ice devils (IceCv)
  2 merfolk (Lair:4)
  2 jumping spiders (Lair:4)
  5 trolls
  10 blink frogs
  Prince Ribbit (D:7)
  20 dream sheep
  8 hippogriffs
  Sigmund (D:3)
  2 redbacks (Lair:4)
  A spriggan (D:7)
  2 wyverns
  18 yaks
  A wraith (D:10)
  Eustachio (D:5)
  2 steam dragons (D:5)
  A hungry ghost (D:9)
  A basilisk (Lair:3)
  Menkaure (D:5)
  A warg (Lair:6)
  Duvessa (D:5)
  10 water moccasins
  4 porcupines
  2 hell hounds (D:8)
  A black bear (Lair:4)
  9 ice beasts
  7 ogres
  6 orc warriors
  2 eyes of draining
  5 sky beasts
  2 necrophages
  6 wolves (Lair:6)
  2 phantoms
  9 crocodiles
  3 centaurs
  A big kobold (D:11)
  A wyvern zombie (D:11)
  14 bullfrogs
  Dowan (D:5)
  7 scorpions
  10 killer bees
  5 wights (D:6)
  3 howler monkeys
  2 electric eels
  7 crimson imps
  A lava snake (D:8)
  Crazy Yiuf (D:5)
  6 hounds
  3 bullfrog skeletons
  A bullfrog zombie (D:10)
  4 jellies
  7 orc priests
  13 orc wizards
  A centaur skeleton (D:9)
  Terence (D:3)
  2 iguanas (D:5)
  Ijyb (D:5)
  7 worker ants
  Robin (D:2)
  A worker ant zombie (D:11)
  A howler monkey skeleton (D:9)
  8 gnolls
  18 adders
  A shadow imp (D:7)
  2 oozes
  An adder zombie (D:9)
  An adder skeleton (D:4)
  2 worms
  7 leopard geckos
  39 orcs
  4 giant cockroaches
  22 goblins
  10 hobgoblins
  18 jackals
  15 kobolds
  5 quokkas
  8 bats
  7 frilled lizards
  4 rats
  A fungus (D:5)
  2 plants
481 creatures vanquished.

Vanquished Creatures (others)
  8 fungi
  13 plants
21 creatures vanquished.

Grand Total: 502 creatures vanquished

Notes
Turn   | Place    | Note
-------+----------+-------------------------------------------
     0 | D:1      | tof the Minotaur Monk began the quest for the Orb.
     0 | D:1      | Reached XP level 1. HP: 19/19 MP: 0/0
   130 | D:1      | Reached XP level 2. HP: 16/27 MP: 1/1
   136 | D:1      | Reached skill level 4 in Axes
   409 | D:1      | Reached skill level 1 in Armour
   888 | D:1      | Reached XP level 3. HP: 32/33 MP: 2/2
  1347 | D:2      | Noticed Robin
  1366 | D:2      | Killed Robin
  1368 | D:2      | Reached XP level 4. HP: 18/40 MP: 3/3
  2168 | D:3      | Noticed Terence
  2174 | D:3      | Killed Terence
  2174 | D:3      | Reached skill level 5 in Axes
  2325 | D:3      | Reached XP level 5. HP: 47/47 MP: 4/4
  2465 | D:3      | Noticed Sigmund
  2478 | D:3      | Killed Sigmund
  2478 | D:3      | Reached skill level 6 in Axes
  2478 | D:3      | Reached XP level 6. HP: 39/55 MP: 5/5
  2575 | D:3      | Reached skill level 5 in Fighting
  2821 | D:4      | Reached XP level 7. HP: 45/61 MP: 6/6
  2955 | D:4      | Reached skill level 7 in Axes
  2955 | D:4      | Reached skill level 5 in Dodging
  3020 | D:4      | Found a glowing silver altar of Zin.
  3905 | D:4      | Found a stormy altar of Qazlal.
  3906 | D:4      | Noticed an air elemental
  3906 | D:4      | Noticed a fire elemental
  3906 | D:4      | Noticed a water elemental
  4040 | D:5      | Entered Level 5 of the Dungeon
  4048 | D:5      | Reached XP level 8. HP: 70/70 MP: 7/7
  4132 | D:5      | Reached skill level 8 in Axes
  4142 | D:5      | Noticed Ijyb
  4150 | D:5      | Killed Ijyb
  4222 | D:5      | Noticed Dowan
  4223 | D:5      | Noticed Duvessa
  4241 | D:5      | Killed Duvessa
  4241 | D:5      | Reached skill level 5 in Armour
  4260 | D:5      | Killed Dowan
  4279 | D:5      | Noticed Menkaure
  4283 | D:5      | Killed Menkaure
  4304 | D:5      | Noticed Eustachio
  4354 | D:5      | Killed Eustachio
  4354 | D:5      | Reached skill level 9 in Axes
  4859 | D:5      | Found a runed door.
  4863 | D:5      | Noticed Crazy Yiuf
  4869 | D:5      | Killed Crazy Yiuf
  5014 | D:5      | Got a transparent mace
  5015 | D:5      | Identified the +8 mace of Broken Luck {drain, *Rage rElec rF- Dex+10} (You found it on level 5 of the Dungeon)
  5207 | D:6      | Noticed tof's ghost (novice MiFi)
  5214 | D:6      | Reached XP level 9. HP: 72/79 MP: 8/8
  5219 | D:6      | Killed tof's ghost
  5219 | D:6      | Reached skill level 10 in Axes
  5542 | D:6      | Found Risoxa's Jewellery Shop.
  5548 | D:6      | Reached skill level 11 in Axes
  5640 | D:6      | Found Utwamak's Antique Weapon Emporium.
  5942 | D:7      | Reached XP level 10. HP: 88/90 MP: 9/9
  5987 | D:7      | Noticed a manticore
  5987 | D:7      | Found a huge runed gate.
  5987 | D:7      | Found a staircase to the Ecumenical Temple.
  5987 | D:7      | Noticed Prince Ribbit
  5993 | D:7      | Noticed a death yak
  5994 | D:7      | Killed Prince Ribbit
  6014 | Temple   | Entered the Ecumenical Temple
  6161 | Temple   | Became a worshipper of Warmaster Okawaru
  6161 | Temple   | Reached * piety under Okawaru
  6161 | Temple   | Reached ** piety under Okawaru
  6189 | D:7      | Found a huge runed gate.
  6189 | D:7      | Found a huge runed gate.
  6190 | D:7      | Found a huge runed gate.
  6511 | D:8      | Found a glowing golden altar of the Shining One.
  6515 | D:8      | Found a shattered altar of Ashenzari.
  6515 | D:8      | Found a shimmering altar of Xom.
  6742 | D:8      | Reached skill level 12 in Axes
  6942 | D:8      | Found a staircase to the Lair.
  6944 | D:8      | Noticed a two-headed ogre
  6957 | D:8      | Killed a two-headed ogre
  6957 | D:8      | Reached *** piety under Okawaru
  6984 | D:8      | Noticed Psyche
  6984 | D:8      | Noticed a two-headed ogre
  6994 | D:8      | Killed Psyche
  7005 | D:8      | Killed a two-headed ogre
  7005 | D:8      | Reached **** piety under Okawaru
  8131 | D:9      | Reached XP level 11. HP: 84/99 MP: 10/10
  8146 | D:9      | Reached skill level 13 in Axes
  8559 | D:9      | Identified the Volume of the Twisted Volcanoes
  8668 | D:9      | Noticed an unseen horror
  8695 | D:9      | Killed an unseen horror
  8695 | D:9      | Reached skill level 10 in Fighting
  9202 | D:9      | Found a sparkling altar of Nemelex Xobeh.
  9234 | D:10     | Entered Level 10 of the Dungeon
  9289 | D:10     | Reached ***** piety under Okawaru
  9443 | D:10     | Noticed a two-headed ogre
  9646 | D:10     | Killed a two-headed ogre
 10408 | D:10     | Noticed an unseen horror
 10423 | D:10     | Killed an unseen horror
 10423 | D:10     | Reached skill level 14 in Axes
 10423 | D:10     | Reached skill level 10 in Armour
 10496 | D:10     | Received a gift from Okawaru
 10789 | D:11     | Reached skill level 10 in Dodging
 10993 | D:11     | Gained mutation: Your muscles are strong. (Str +2) [mutagenic meat]
 10994 | D:11     | Gained mutation: You are resistant to hostile enchantments. (MR+) [mutagenic meat]
 10996 | D:11     | Gained mutation: Your magical capacity is low. (-10% MP) [mutagenic meat]
 11071 | D:11     | Found a staircase to the Orcish Mines.
 11389 | D:11     | Noticed a cyan ugly thing
 11395 | D:11     | Killed a cyan ugly thing
 11418 | D:11     | Gained mutation: You have sharp toenails. [mutagenic meat]
 11419 | D:11     | Gained mutation: You possess an exceptional clarity of mind. [mutagenic meat]
 11420 | D:11     | Gained mutation: You are partially covered in thin metallic scales. (AC +2) [mutagenic meat]
 11612 | D:11     | Found a roughly hewn altar of Beogh.
 11797 | Lair:1   | Entered Level 1 of the Lair of Beasts
 11966 | Lair:1   | Reached XP level 12. HP: 77/110 MP: 9/9
 12442 | Lair:1   | Noticed a seven-headed hydra
 12741 | Lair:1   | Killed an 11-headed hydra
 13021 | Lair:2   | Found a frozen archway.
 13055 | IceCv    | Entered an ice cave
 14171 | IceCv    | Got a translucent quick blade
 14172 | IceCv    | Identified the cursed +1 quick blade of Gloom {flame, Int+6} (You found it in an ice cave)
 14175 | IceCv    | Got an encrusted shortbow
 14297 | Lair:2   | Noticed zero's ghost (journeyman MiBe)
 14315 | Lair:2   | Killed zero's ghost
 14315 | Lair:2   | Reached skill level 15 in Axes
 14826 | Lair:2   | Received a gift from Okawaru
 15347 | Lair:3   | Noticed nikopol's ghost (journeyman HOFi)
 15892 | Lair:3   | Noticed a six-headed hydra
 15902 | Lair:3   | Killed a 12-headed hydra
 16416 | Lair:3   | Killed nikopol's ghost
 16416 | Lair:3   | Reached XP level 13. HP: 100/119 MP: 8/10
 17118 | Lair:4   | Found a staircase to the Shoals.
 17275 | Lair:4   | Found a hole to the Spider Nest.
 17295 | Lair:4   | Reached ****** piety under Okawaru
 17551 | Lair:4   | Received a gift from Okawaru
 18292 | Lair:5   | Found a runed door.
 18292 | Lair:5   | Found a viscous altar of Jiyva.
 18357 | Lair:5   | Reached skill level 16 in Axes
 18823 | Lair:5   | Found a staircase to the Slime Pits.
 19042 | Lair:6   | Entered Level 6 of the Lair of Beasts
 19803 | Lair:6   | Reached XP level 14. HP: 89/130 MP: 7/11
 19813 | Lair:6   | HP: 4/130 [death yak (4)]
 19818 | Lair:6   | Killed from afar by a raiju

Vault maps used:
D:1:      saegor_arrival_miasma, minivault_5, minmay_heptomino_h4
D:2:      uniq_robin
D:3:      uniq_sigmund, uniq_terence
D:4:      zin_statuary, nicolae_qazlal_style_of_elements, first_bread
D:5:      kennysheep_steamy, uniq_duvessa, uniq_eustachio,
          uniq_crazy_yiuf_cottage, uniq_ijyb, uniq_menkaure
D:6:      serial_shops, nicolae_shop_temple_entry_statues_fountains,
          nicolae_shop_statue_plus, grunt_decor_resistance,
          grunt_decor_arrowhead
D:7:      lemuel_bear_cage, the_bakery, uniq_prince_ribbit1
D:8:      grunt_temple_overflow_open, minmay_lair_entry_lava, serial_glass,
          glass_columns_c, glass_columns_a, glass_columns_a, glass_columns_a,
          kennysheep_island_fort, uniq_psyche
D:9:      lemuel_crystal_altar
D:10:     serial_bayou_lagoon_a, minmay_gold_behind_fungi,
          corexii_mini_fake_secret_closet
D:11:     minmay_orc_entry_temple_small
Temple:   eino_temple_scatter_basement
Lair:1:   lab_entry_generic, lemuel_fruit_fields
Lair:2:   portal_ice_cave_entry_ice_beasts, infiniplex_staircase_pool
Lair:3:   minmay_lair_oklob_chamber, serial_bayou_shore_b
Lair:4:   elwin_shoals_entry_stream, spider_nest_entry_a
Lair:5:   slime_altar_2, minivault_23, grunt_megastairs_3, lemuel_fruit_fields,
          lemuel_fruit_tree
Lair:6:   guppyfry_lair_end_dragon, hangedman_lair_caniforms_friends,
          grunt_megastairs_5
IceCv:    ice_cave_tombish

Skill      XL: |  1  2  3  4  5  6  7  8  9 10 11 12 13 |
---------------+----------------------------------------+-----
Axes           | 4 5 6 7 9 11 12 14 15 16 | 16.4
Armour         | 1 2 3 4 6 7 9 10 12 13 | 13.4
Fighting       | 4 5 6 7 8 9 11 12 13 | 13.9
Dodging        | 4 5 6 7 9 10 11 12 | 12.9
Stealth        | |  1.5

Action                   |  1- 3 |  4- 6 |  7- 9 | 10-12 | 13-15 || total
-------------------------+-------+-------+-------+-------+-------++-------
Melee: Hand axe          |    60 |       |       |       |       ||    60
       Headbutt          |     9 |    15 |    39 |   143 |    57 ||   263
       Broad axe         |    31 |    85 |   142 |       |       ||   258
       Mace              |       |       |    39 |       |       ||    39
       Unarmed           |       |       |    10 |    13 |       ||    23
       Battleaxe         |       |       |    40 |   586 |   237 ||   863
Invok: Heroism           |       |       |       |     1 |       ||     1
 Abil: Evoke Invisibilit |       |       |       |     1 |       ||     1
  Use: Scroll            |       |       |     1 |    10 |    13 ||    24
 Stab: Sleeping          |     2 |       |     1 |       |       ||     3
       Invisible         |       |       |       |     2 |       ||     2
  Eat: Chunk             |     1 |     5 |     6 |    23 |    16 ||    51
       Bread ration      |       |       |     1 |     4 |       ||     5
       Meat ration       |       |       |       |     1 |       ||     1
       Fruit             |       |       |       |     1 |       ||     1
Armor: Plate armour      |    48 |    20 |       |       |       ||    68
       Robe              |     2 |       |       |       |       ||     2
       Ring mail         |       |    23 |    80 |   207 |   124 ||   434
       Skin              |       |       |    15 |       |       ||    15
Dodge: Dodged            |    46 |    45 |   188 |   555 |   319 ||  1153

Table legend:
 A = Spawn XP
 B = Non-spawn XP
 C = Spawn XP percentage of total XP
 D = Spawn monster count
 E = Non-spawn monster count
 F = Spawn count percentage of total count
 G = Total turns spent on level
                    A         B        C        D         E        F      G
               +---------+---------+-------+---------+---------+-------+---------
         Total |       0 |   65545 |   0.0 |       0 |     478 |   0.0 | 19818
               +---------+---------+-------+---------+---------+-------+---------
           D:1 |       0 |      50 |   0.0 |       0 |      28 |   0.0 |  1293
           D:2 |       0 |      76 |   0.0 |       0 |      31 |   0.0 |   833
           D:3 |       0 |     397 |   0.0 |       0 |      20 |   0.0 |   647
           D:4 |       0 |     858 |   0.0 |       0 |      35 |   0.0 |  1267
           D:5 |       0 |    1402 |   0.0 |       0 |      21 |   0.0 |  1167
           D:6 |       0 |    2283 |   0.0 |       0 |      27 |   0.0 |   655
           D:7 |       0 |    1554 |   0.0 |       0 |      17 |   0.0 |   431
           D:8 |       0 |    4186 |   0.0 |       0 |      33 |   0.0 |  1846
           D:9 |       0 |    3171 |   0.0 |       0 |      33 |   0.0 |  1355
          D:10 |       0 |    4666 |   0.0 |       0 |      42 |   0.0 |  1166
          D:11 |       0 |    2795 |   0.0 |       0 |      40 |   0.0 |   976
        Lair:1 |       0 |    2595 |   0.0 |       0 |      10 |   0.0 |  1178
        Lair:2 |       0 |    5245 |   0.0 |       0 |      22 |   0.0 |  1356
        Lair:3 |       0 |    8246 |   0.0 |       0 |      24 |   0.0 |  1569
        Lair:4 |       0 |    7038 |   0.0 |       0 |      25 |   0.0 |   978
        Lair:5 |       0 |    6639 |   0.0 |       0 |      25 |   0.0 |  1299
        Lair:6 |       0 |   10914 |   0.0 |       0 |      36 |   0.0 |   450
         IceCv |       0 |    3430 |   0.0 |       0 |       9 |   0.0 |  1191
               +---------+---------+-------+---------+---------+-------+---------
